 Dungeon Crawl Stone Soup version 0.29-a0-666-g26d293caef (webtiles) character file.

Game seed: 1403843035220628365

655 DuloT34 the Magician (level 7, 0/46 HPs)
             Began as an Octopode Hedge Wizard on June 23, 2022.
             Slain by an orc wizard
             ... wielding a +0 dagger
              (3 damage)
             ... on level 4 of the Dungeon.
             The game lasted 00:08:55 (5546 turns).

DuloT34 the Magician (Octopode Hedge Wizard)        Turns: 5546, Time: 00:08:55

Health: 0/46       AC:  1    Str:  9    XL:     7   Next: 54%
Magic:  8/14       EV: 14    Int: 19    God:
Gold:   194        SH:  0    Dex: 11    Spells: 6/15 levels left

rFire   . . .      SeeInvis .   i - +0 demon blade (drain)
rCold   . . .      Faith    .   (no shield)
rNeg    . . .      Spirit   .   b - +0 hat
rPois   .          Reflect  .   (no amulet)
rElec   .          Harm     .   (no ring)
rCorr   .          Rampage  .   (no ring)
Will    .....                   (no ring)
Stlth   ++........              (no ring)
HPRegen 0.15/turn               (no ring)
MPRegen 0.14/turn               (no ring)
                                (no ring)
                                (no ring)

@: confused
A: almost no armour, amphibious, 8 rings, camouflage 1, gelatinous body 1,
(nimble swimmer 1), tentacles
a: no special abilities


You were on level 4 of the Dungeon.
You visited 1 branch of the dungeon, and saw 4 of its levels.
You also visited: Sewer.

You collected 194 gold pieces.

Inventory:

Hand Weapons
 a - a +1 dagger of flaming
 i - a +0 demon blade of draining (weapon)
Missiles
 h - 2 javelins (quivered)
Armour
 b - a +0 hat (worn)
Jewellery
 f - a ring of magical power
Scrolls
 d - 3 scrolls of blinking
Potions
 c - a potion of magic
 e - a potion of lignification {unknown}
 g - a potion of invisibility {unknown}
 j - 3 potions of heal wounds {unknown}
 k - 4 potions of mutation {unknown}
 l - a potion of attraction {unknown}
 m - a potion of resistance {unknown}
 n - a potion of brilliance {unknown}
 o - a potion of might {unknown}
 p - a potion of degeneration {unknown}


   Skills:
 + Level 3.6 Fighting
 + Level 4.3 Dodging
 - Level 2.6 Stealth
 + Level 4.6 Spellcasting
 - Level 1.7 Conjurations
 - Level 1.0 Summonings
 - Level 1.0 Translocations
 + Level 3.4 Earth Magic


You had 6 spell levels left.
You knew the following spells:

 Your Spells              Type           Power      Damage    Failure   Level
a - Magic Dart            Conj           40%        1d5       6%          1
b - Stone Arrow           Conj/Erth      28%        3d8       13%         3
c - Mephitic Cloud        Conj/Pois/Air  6%         N/A       30%         3
d - Passwall              Tmut/Erth      8%         N/A       10%         2

Your spell library contained the following spells:

 Spells                   Type           Power      Damage    Failure   Level
 Sandblast                Erth           34%        2d9       3%          1
 Slow                     Hex            16%        N/A       13%         1
 Blink                    Tloc           16%        N/A       13%         2
 Call Imp                 Summ           8%         N/A       13%         2
 Conjure Flame            Conj/Fire      7%         6-21      26%         3
 Confusing Touch          Hex            4%         N/A       36%         3
 Vampiric Draining        Necr           4%         2d6       36%         3


Dungeon Overview and Level Annotations

Branches:
Dungeon (4/15)              Sewer (visited)
 Temple: D:4-7

Altars:
Uskayaw
Vehumet

Shops:
D:1 [

Annotations:
D:4 exclusion: statue


Innate Abilities, Weirdness & Mutations

You cannot wear most types of armour.
You are amphibious.
You can wear up to eight rings at the same time.
Your skin changes colour to match your surroundings (Stealth+).
Your rubbery body absorbs attacks. (AC +1, EV +1)
((You are camouflaged when in or above water. (Stealth+)))
You have tentacles for arms and can constrict up to eight enemies at once.


Message History

You kill the orc!
An orc wizard comes into view. It is wielding a +0 dagger.
Items here: )) ? [[ †.
You closely miss the orc wizard. Your grab misses the orc wizard.
The orc wizard gestures wildly while chanting.
The orc wizard flickers and vanishes!
Deactivating autopickup; reactivate with Ctrl-A.
The orc wizard completely misses you. Something hits you.
You hit the orc wizard. Your grab misses the orc wizard.
The orc wizard is moderately wounded.
Something hits you. The orc wizard casts a spell at you.
The puff of flame hits you!
You slash the orc wizard! You drain the orc wizard.
Your grab misses the orc wizard. Your squeeze misses the orc wizard.
The orc wizard is almost dead.
The orc wizard hits you but does no damage.
Something hits you.
You barely miss the orc wizard. Your grab misses the orc wizard.
The orc wizard is almost dead.
The orc wizard barely misses you. Something hits you. x2
The orc wizard hits you with a +0 dagger.
You are too injured to fight recklessly!
You miss the orc wizard. Your grab misses the orc wizard.
The orc wizard is almost dead.
You hear some strange, mumbled words.
You are confused.
The orc wizard hits you with a +0 dagger.
You're too confused to move!
The orc wizard gestures at you while chanting.
The magic dart hits you!
* * * LOW HITPOINT WARNING * * *
Something hits you.
* * * LOW HITPOINT WARNING * * *
You barely miss the orc wizard. You squeeze the orc wizard.
You kill the orc wizard!
Something hits you.
* * * LOW HITPOINT WARNING * * *
You start resting.
Something hits you.
You die...

....#≈≈≈≈≈#.......[.####....)..
....#######.........####.......
##..........#................>.
##.####..###......###.........
#. #....#.....## ####.##..# #
###............###.###.#
........#..###.....###.#
......).#...######...#:#
.....#@#.#.# #.#..).
.K...#...#.## #.#....
.....#.#)...## #...... ...
#.#.....####......
....#.........##......
......................
####.)).....###......
......#.....## #......
............†###.#...<


There were no monsters in sight!

Vanquished Creatures
  A sky beast (D:4)
  A black bear (D:4)
  A hound (D:3)
  4 jellies (Sewer)
  An iguana (D:4)
  Jessica (D:3)
  2 orc wizards
  3 gnolls (D:4)
  7 adders
  3 river rats (Sewer)
  5 worms
  2 dart slugs
  7 orcs
  10 endoplasms
  4 giant cockroaches
  7 hobgoblins
  5 quokkas
  11 ball pythons
  A bat (D:3)
  2 frilled lizards (Sewer)
  5 goblins
  5 kobolds
  2 rats (Sewer)
90 creatures vanquished.

Notes
Turn   | Place    | Note
-------+----------+-------------------------------------------
     0 | D:1      | DuloT34 the Octopode Hedge Wizard began the quest for the
                  | Orb.
     0 | D:1      | Reached XP level 1. HP: 11/11 MP: 4/4
   462 | D:1      | Found Onu Here's Antique Armour Shop.
   468 | D:1      | Reached XP level 2. HP: 17/18 MP: 4/6
  1230 | D:2      | Reached skill level 1 in Fighting
  1336 | D:2      | Reached XP level 3. HP: 23/23 MP: 7/7
  1469 | D:2      | Learned a level 3 spell: Stone Arrow
  1878 | D:2      | You fall into a shaft and drop 2 floors!
  1890 | D:4      | Noticed a sky beast
  1899 | D:4      | Killed a sky beast
  1900 | D:4      | Reached skill level 1 in Earth Magic
  1900 | D:4      | Reached XP level 4. HP: 17/29 MP: 7/9
  1900 | D:4      | Reached XP level 5. HP: 20/34 MP: 7/10
  2035 | D:4      | Noticed a black bear
  2087 | D:4      | Found a glowing drain.
  2115 | Sewer    | Entered a sewer
  2873 | Sewer    | Reached XP level 6. HP: 16/41 MP: 10/12
  3425 | Sewer    | Found a viscous altar of Jiyva.
  3559 | Sewer    | Learned a level 3 spell: Mephitic Cloud
  3741 | D:4      | Found a radiant altar of Vehumet.
  3856 | D:3      | Noticed Jessica
  3864 | D:3      | Killed Jessica
  4509 | D:3      | Reached XP level 7. HP: 31/46 MP: 10/13
  4745 | D:3      | Learned a level 2 spell: Passwall
  4934 | D:3      | Found a hide-covered altar of Uskayaw.
  5143 | D:3      | Found a faded altar of an unknown god.
  5546 | D:4      | Slain by an orc wizard

Illustrated notes

Levels and vault maps discovered:
D:1:      saegor_arrival_simple_c, layout_basic, serial_shops,
          nicolae_lakefront_shop, dk_noncrumbling_2
D:2:      layout_loops_cross
D:3:      layout_basic, general_overflow_altar, ebering_ecumenical_altar_hall,
          uniq_jessica
D:4:      layout_rooms, vehumet_statue, gup_sewer_entry_glass, interstate_on_off

Skill      XL: |  1  2  3  4  5  6  7 |
---------------+----------------------+-----
Fighting       | 1 2 3 |  3.6
Dodging        | 3 4 |  4.3
Earth Magic    | 1 2 3 |  3.4
Spellcasting   | 4 |  4.6
Stealth        | |  2.6
Conjurations   | |  1.7
Summonings     | |  1.0
Translocations | |  1.0

Action                   |  1- 3 |  4- 6 |  7- 9 || total
-------------------------+-------+-------+-------++-------
Melee: Dagger            |    12 |       |       ||    12
       Constrict         |    10 |    21 |     5 ||    36
       Tentacles         |     3 |    10 |     7 ||    20
       Demon blade       |    28 |    95 |    30 ||   153
Throw: Javelin           |       |     1 |       ||     1
 Cast: Magic Dart        |    16 |     8 |     6 ||    30
       Stone Arrow       |       |    11 |     9 ||    20
  Use: Scroll            |     3 |     1 |       ||     4
       Potion            |       |     2 |       ||     2
 Stab: Sleeping          |     7 |     4 |     3 ||    14
Armor: Skin              |     4 |     7 |     4 ||    15
Dodge: Dodged            |    18 |   101 |    26 ||   145

Table legend: (Time is in decaauts)
 A = Elapsed time spent in this place.
 B = Non-inter-level travel time spent in this place.
 C = Inter-level travel time spent in this place.
 D = Time resting spent in this place.
 E = Time spent auto-exploring this place.
 F = Levels seen in this place.
 G = Mean time per level.
                   A        B        C        D        E       F      G
               +--------+--------+--------+--------+--------+-----+--------+
         Total |   5591 |   5485 |    106 |   2240 |   2416 |   5 | 1118.2 |
       Dungeon |   4102 |   3996 |    106 |   1309 |   2053 |   4 | 1025.5 |
         Sewer |   1488 |   1488 |      0 |    931 |    363 |   1 | 1488.0 |
               +--------+--------+--------+--------+--------+-----+--------+

Top non-repeatable levels by time:
   Sewer: 1488 daAuts
     D:2: 1409 daAuts
     D:3: 1178 daAuts
     D:1: 774 daAuts
     D:4: 741 daAuts
